 Dungeon Sprint DCSS version 0.23-a0-169-gb21e695 (webtiles) character file.

537422 Kidiri the Conqueror (level 21, 0/201 HPs)
             Began as a Minotaur Fighter on Sept 10, 2018.
             Was the Champion of the Shining One.
             Killed by divine providence
             ... invoked by a balrug
             ... summoned by Cerebov
              (13 damage)
             ... in the Dungeon (Sprint IX: "|||||||||||||||||||||||||||||") on Sept 11, 2018.
             The game lasted 01:03:31 (16249 turns).

Kidiri the Conqueror (Minotaur Fighter)            Turns: 16249, Time: 01:03:31

Health: 0/201      AC: 39    Str: 35 (36) XL:     21   Next: 80%
Magic:  38/41      EV: 26    Int: -2 (3)  God:    the Shining One [******]
Gold:   359        SH: 52    Dex: 15 (16) Spells: 54/54 levels left

rFire    . . .     SeeInvis .   l - +9 eudemon blade (holy)
rCold    + + +     Gourm    .   I - +4 large shield
rNeg     + + +     Faith    .   v - +9 plate armour of Proximity {*Corrode +Inv rC+ Str+8}
rPois    +         Spirit   .   Y - +2 hat
rElec    +         Reflect  +   U - +0 cloak of Polish {*Contam +Fly rC+++ Str-2}
rCorr    .         Harm     .   S - +0 pair of gloves of a volcano {rPois Regen+}
MR       +....     NoTele   +   u - +2 pair of boots {Stlth+}
Stlth    +++.......             y - +3 amulet of reflection
HPRegen  0.83/turn              G - ring "Gyvod" {rElec rF+ AC+3 Int-2 Slay+2}
MPRegen  0.27/turn              r - +3 ring of strength

@: divine shield, fire vulnerable, slowed, lost intelligence, glowing, very slow
A: retaliatory headbutt, hooves 1, horns 2, thin skeletal structure 1, deformed
body, deterioration 2, frail 1, sense surroundings 1, poison resistance
}: 9/17 runes: decaying, serpentine, barnacled, slimy, elven, silver, golden,
abyssal, gossamer
a: Divine Shield, Cleansing Flame, Summon Divine Warrior, Renounce Religion,
Evoke Invisibility, Evoke Flight


You were in the Dungeon.
You worshipped the Shining One.
The Shining One was exalted by your worship.
You were not hungry.

You visited 1 branch You collected 1941 gold pieces.
You spent 1582 gold pieces at shops.

Inventory:

Hand Weapons
 l - a +9 eudemon blade of holy wrath (weapon)
Missiles
 H - 4 steel javelins
 T - 42 javelins (quivered)
 W - 15 javelins of returning
Armour
 u - a +2 pair of boots of stealth (worn)
 v - the +9 plate armour of Proximity (worn) {*Corrode +Inv rC+ Str+8}
   (Okawaru gifted it to you in the Dungeon)

   It affects your strength (+8).
   It protects you from cold.
   It lets you turn invisible.
   It may corrode you when you take damage.
 I - a +4 large shield (worn)
 J - a scarf of cloud immunity
 S - the +0 pair of gloves of a volcano (worn) {rPois Regen+}
   (You found it in the Dungeon)

   It protects you from poison.
   It increases your rate of regeneration.
 U - the +0 cloak of Polish (worn) {*Contam +Fly rC+++ Str-2}
   (You found it in the Dungeon)

   It affects your strength (-2).
   It renders you almost immune to cold.
   It lets you fly.
   It causes magical contamination when unequipped.
 Y - a +2 hat (worn)
Jewellery
 c - a +4 ring of protection
 q - a +2 ring of evasion
 r - a +3 ring of strength (right hand)
 y - a +3 amulet of reflection (around neck)
 z - an uncursed ring of protection from cold
 B - an uncursed amulet of the gourmand
 D - an uncursed ring of protection from magic
 E - an uncursed ring of see invisible
 G - the ring "Gyvod" (left hand) {rElec rF+ AC+3 Int-2 Slay+2}
   (You found it in the Dungeon)

   [ring of protection]

   It affects your AC (+3).
   It affects your intelligence (-2).
   It affects your accuracy and damage with ranged weapons and melee attacks
   (+2).
   It protects you from fire.
   It insulates you from electricity.
 K - the ring of Atyleo {MR+ Str-2 Int+3 Dex+2}
   (You found it in the Dungeon)

   [ring of intelligence]

   It affects your strength (-2).
   It affects your intelligence (+3).
   It affects your dexterity (+2).
   It affects your resistance to hostile enchantments.
 N - the ring "Juveymesh" {rElec rC+ Int-2 Dex+4}
   (You found it in the Dungeon)

   [ring of protection from cold]

   It affects your intelligence (-2).
   It affects your dexterity (+4).
   It protects you from cold.
   It insulates you from electricity.
 O - a +6 ring of dexterity
 P - a +4 ring of evasion
 Q - the ring of Ryintos {Fire Str-4 Int+5}
   (You found it in the Dungeon)

   [ring of fire]

   It enhances your fire magic.
   It affects your strength (-4).
   It affects your intelligence (+5).
   It protects you from fire.
   It makes you vulnerable to cold.
 X - an uncursed ring of magical power
Wands
 p - a wand of acid (10)
Scrolls
 n - 9 scrolls of remove curse
 o - 2 scrolls of amnesia
 A - a scroll of immolation
 L - 4 scrolls of fear
 M - 2 scrolls of fog
 Z - a scroll of identify
Potions
 a - a potion of cancellation
 d - 5 potions of might
 e - 5 potions of curing
 h - 5 potions of haste
 i - 5 potions of magic
 s - 4 potions of agility
 t - 4 potions of brilliance
 R - 2 potions of lignification
Miscellaneous
 b - a sack of spiders
 j - a phial of floods
Comestibles
 f - 5 rations


   Skills:
 O Level 27 Fighting
 O Level 27 Long Blades
 O Level 27 Throwing
 O Level 27 Armour
 O Level 27 Dodging
 O Level 27 Stealth
 O Level 27 Shields
 + Level 17.1 Spellcasting
 O Level 27 Invocations
 O Level 27 Evocations


You had 54 spell levels left.
You didn't know any spells.
Your spell library contained the following spells:

 Spells                   Type           Power        Failure   Level  Hunger
 Summon Small Mammal      Summ           #...         30%         1    ##.....
 Call Imp                 Summ           #.......     43%         2    ###....
 Call Canine Familiar     Summ           #.......     67%         3    ####...
 Summon Guardian Golem    Hex/Summ       #.......     67%         3    ####...
 Summon Ice Beast         Ice/Summ       #.......     97%         4    #####..
 Summon Lightning Spire   Summ/Air       #.......     97%         4    #####..


Dungeon Overview and Level Annotations

Branches:
Dungeon (1/1)

Altars:
Cheibriados
Dithmenos
Elyvilon
Fedhas
Gozag
Hepliaklqana
Kikubaaqudgha
Makhleb
Nemelex Xobeh
Okawaru
Qazlal
Ru
Sif Muna
Trog
Uskayaw
Vehumet
Wu Jian
Xom
Yredelemnul
Zin
The Shining One
Beogh
Jiyva
Lugonu

Shops:
D !}*=

Annotations:
D Asmodeus, Cerebov, Gloorx Vloq


Innate Abilities, Weirdness & Mutations

You reflexively headbutt those who attack you in melee.
You have a pair of horns on your head.
You have large cloven feet.
You have a somewhat thin skeletal structure. (Dex +2, Stealth)
Armour fits poorly on your strangely shaped body.
Your body often deteriorates upon taking damage.
You are frail. (-10% HP)
You passively map a small area around you.
Your system is resistant to poisons. (rPois)


Message History

Cerebov completely resists.
The damnation engulfs the Hell Sentinel.
The Hell Sentinel completely resists.
The damnation engulfs you! The Shining One protects you from harm!
The balrug gestures at you.
The bolt of fire hits the Hell Sentinel.
The Hell Sentinel completely resists.
The bolt of fire hits Cerebov.
Cerebov completely resists.
The bolt of fire hits you!
* * * LOW HITPOINT WARNING * * *
You hit Cerebov but do no damage. You headbutt Cerebov, but do no damage.
Cerebov is heavily wounded.
Cerebov gestures.
Cerebov shouts, "Out, out, thou weedy saucy slime mould!"
You block Cerebov's attack.
Unknown command.
You hit Cerebov but do no damage. Your headbutt misses Cerebov.
Cerebov is heavily wounded.
The balrug gestures at you. Something smites you!
You die...

▓.▓.▓.▓.♣.♣.▓.▓.▓.▓.
▓.▓.▓.▓.♣.♣.▓.▓.▓'▓.
▓.▓.▓.▓.▓.▓.▓.▓.▓.▓.
▓.▓.▓.▓.▓)▓.▓.▓.▓.▓.
▓1▓.▓'▓.▓)▓.▓'▓.▓)▓.
▓.▓2▓.▓.▓)▓.▓.▓.▓)▓.
▓.▓1▓.▓.▓)▓.▓'▓.▓)▓.
▓.▓&▓.▓.▓)▓.▓.▓.▓.▓.
▓.▓@▓.▓.▓)▓.▓'▓.▓.▓.
▓&▓2▓.▓.▓)▓.▓.▓.▓[▓.
▓.▓.▓.▓.▓)▓.▓)▓.▓.▓.
▓.▓.▓.▓.▓)▓.▓.▓.▓[▓.
▓.▓.▓.▓.▓)▓.▓.▓.▓[▓.
▓.▓.▓.▓.▓.▓.▓.▓.▓.▓.
▓.▓.▓'▓.▓.▓.▓.▓.▓.▓.
▓§▓.▓.▓.▓.▓.▓.▓.▓.▓.
▓§▓.▓.▓.▓.▓.▓.▓.▓.▓.


You could see Cerebov, a Hell Sentinel, a balrug and a hellion.

Vanquished Creatures
  the Royal Jelly (D)
  6 ancient liches (D)
  Mennas (D)
  3 orbs of fire (D)
  Mara (D)
  7 greater mummies (D)
  Boris (D)
  Frederick (D)
  4 golden dragons (D)
  Geryon (D)
  Jory (D)
  2 bone dragons (D)
  4 electric golems (D)
  2 liches (D)
  28 Orb Guardians (D)
  6 tentacled monstrosities (D)
  A titan (D)
  3 deep elf blademasters (D)
  A quicksilver dragon (D)
  10 acid blobs (D)
  2 deep elf master archers (D)
  A thorn hunter (D)
  Kirke (D)
  14 sphinxes (D)
  A tentacled starspawn (D)
  A death cob (D)
  6 storm dragons (D)
  A draconian monk (D)
  9 shadow dragons (D)
  Agnes (D)
  5 azure jellies (D)
  8 nagarajas (D)
  Donald (D)
  A draconian knight (D)
  Ilsuiw (D)
  6 fire giants (D)
  4 emperor scorpions (D)
  5 frost giants (D)
  An iron dragon (D)
  Aizul (D)
  A draconian scorcher (D)
  A ghost moth (shapeshifter) (D)
  Louise (D)
  A vault warden (D)
  2 orc warlords (D)
  A draconian shifter (D)
  9 stone giants (D)
  4 ironheart preservers (D)
  A war gargoyle (D)
  2 very ugly things (D)
  An entropy weaver (D)
  A black draconian (D)
  2 spark wasps (D)
  A deep elf annihilator (D)
  2 deep elf demonologists (D)
  3 green draconians (D)
  7 vampire knights (D)
  Azrael (D)
  6 yellow draconians (D)
  5 red draconians (D)
  5 merfolk javelineers (D)
  A minotaur (D)
  6 white draconians (D)
  An ettin (D)
  8 merfolk impalers (D)
  4 deep elf death magi (D)
  Josephine (D)
  5 ogre magi (D)
  2 deep elf high priests (D)
  7 death oozes (D)
  4 yaktaur captains (D)
  A great orb of eyes (D)
  2 mummy priests (D)
  A fire dragon (D)
  4 ice dragons (D)
  8 hydras (D)
  A ghost crab (D)
  6 naga warriors (D)
  2 rakshasas (D)
  A spriggan air mage (D)
  25 vault guards (D)
  A death knight (D)
  3 centaur warriors (D)
  A merfolk avatar (D)
  Erica (D)
  A merfolk aquamancer (D)
  A deep troll shaman (D)
  2 tengu warriors (D)
  2 naga sharpshooters (D)
  A spriggan berserker (D)
  A shock serpent (D)
  A wretched star (D)
  3 deep elf knights (D)
  A hell knight (D)
  4 small abominations (D)
  12 spriggans (D)
  A glowing orange brain (D)
  An unseen horror (D)
  2 deep elf archers (D)
  2 wizards (D)
  An ironbrand convoker (D)
  2 orc knights (D)
  7 swamp dragons (D)
  A harpy (D)
  2 lindwurms (D)
  3 deep elf magi (D)
  2 ugly things (D)
  7 orc sorcerers (D)
  4 wolf spiders (D)
  2 cyclopes (D)
  12 moths of wrath (D)
  4 manticores (D)
  Joseph (D)
  2 vault sentinels (D)
  6 black mambas (D)
  A guardian serpent (D)
  A gargoyle (D)
  A spiny frog (D)
  2 demonic crawlers (D)
  2 freezing wraiths (D)
  An ancient zyme (D)
  A komodo dragon (D)
  18 guardian mummies (D)
  5 yaktaurs (D)
  5 jumping spiders (D)
  A wandering mushroom (D)
  A jumping spider (shapeshifter) (D)
  11 merfolk (D)
  3 tyrant leeches (D)
  3 hornets (D)
  A hippogriff (D)
  3 slime creatures (D)
  A snapping turtle (D)
  2 redbacks (D)
  A hog (D)
  2 ynoxinuls (D)
  A human (D)
  A wyvern (D)
  5 yaks (D)
  A shadow (D)
  A tarantella (shapeshifter) (D)
  6 wraiths (D)
  2 tarantellas (D)
  2 golden eyes (D)
  Grum (D)
  2 fire elementals (D)
  2 nagas (D)
  A vampire mosquito (D)
  An insubstantial wisp (D)
  A large abomination (D)
  A floating eye (D)
  2 water moccasins (D)
  3 hell hounds (D)
  3 porcupines (D)
  11 orc warriors (D)
  2 swamp drakes (D)
  A necrophage (D)
  2 centaurs (D)
  2 wolves (D)
  2 crocodiles (D)
  2 bullfrogs (D)
  A jelly (D)
  A hound (D)
  11 orc wizards (D)
  4 orc priests (D)
  A worker ant (D)
  A gnoll (D)
  An adder (D)
  A shadow imp (D)
  A white imp (D)
  3 worms (D)
  An adder simulacrum (D)
  11 orcs (D)
  A goblin (D)
  3 hobgoblins (D)
  A kobold (D)
  A fire vortex (D)
565 creatures vanquished.

Vanquished Creatures (collateral kills)
  A sphinx (D)
  A guardian mummy (D)
2 creatures vanquished.

Vanquished Creatures (others)
  A deep elf master archer (D)
  2 stone giants (D)
  A yaktaur captain (D)
  A merfolk aquamancer (D)
  A cyclops (D)
  A tyrant leech (D)
  A golden eye (D)
  A human (D)
  A vampire mosquito (D)
  An orc warrior (D)
  An orc priest (D)
12 creatures vanquished.

Grand Total: 579 creatures vanquished

Notes
Turn   | Place    | Note
-------+----------+-------------------------------------------
     0 | D        | Kidiri the Minotaur Fighter began the quest for the Orb.
     0 | D        | Reached XP level 1. HP: 19/19 MP: 0/0
    11 | D        | Reached skill level 1 in Dodging
    26 | D        | Noticed an orc wizard
    37 | D        | Killed an orc wizard
    37 | D        | Reached skill level 5 in Fighting
    37 | D        | Reached XP level 2. HP: 24/29 MP: 1/1
    37 | D        | Reached XP level 3. HP: 30/36 MP: 2/2
    48 | D        | Reached skill level 5 in Long Blades
    74 | D        | Found a roughly hewn altar of Beogh.
    74 | D        | Found a snail-covered altar of Cheibriados.
    74 | D        | Found a shadowy altar of Dithmenos.
    74 | D        | Found a white marble altar of Elyvilon.
    74 | D        | Found a blossoming altar of Fedhas.
    74 | D        | Found an opulent altar of Gozag.
    75 | D        | Found a hazy altar of Hepliaklqana.
    76 | D        | Found a viscous altar of Jiyva.
    77 | D        | Found an ancient bone altar of Kikubaaqudgha.
    78 | D        | Found a corrupted altar of Lugonu.
    79 | D        | Found a burning altar of Makhleb.
    80 | D        | Found a sparkling altar of Nemelex Xobeh.
    81 | D        | Found an iron altar of Okawaru.
    82 | D        | Found a stormy altar of Qazlal.
    83 | D        | Found a sacrificial altar of Ru.
    84 | D        | Found a deep blue altar of Sif Muna.
    85 | D        | Found a bloodstained altar of Trog.
    86 | D        | Found a hide-covered altar of Uskayaw.
    87 | D        | Found a radiant altar of Vehumet.
    88 | D        | Found an ornate altar of the Wu Jian Council.
    89 | D        | Became a worshipper of Warmaster Okawaru
    90 | D        | Found a shimmering altar of Xom.
    91 | D        | Found a basalt altar of Yredelemnul.
    92 | D        | Found a glowing silver altar of Zin.
    93 | D        | Found a glowing golden altar of the Shining One.
   154 | D        | Noticed a necrophage
   154 | D        | Noticed a hippogriff
   154 | D        | Noticed a wyvern
   154 | D        | Noticed a centaur
   155 | D        | Killed a necrophage
   155 | D        | Reached skill level 5 in Armour
   155 | D        | Reached skill level 5 in Shields
   155 | D        | Reached XP level 4. HP: 47/47 MP: 3/3
   155 | D        | Reached XP level 5. HP: 52/52 MP: 4/4
   164 | D        | Killed a hippogriff
   164 | D        | Reached * piety under Okawaru
   164 | D        | Reached skill level 5 in Dodging
   164 | D        | Reached XP level 6. HP: 41/63 MP: 5/5
   178 | D        | Killed a wyvern
   178 | D        | Reached ** piety under Okawaru
   178 | D        | Reached skill level 10 in Fighting
   181 | D        | Reached skill level 10 in Long Blades
   181 | D        | Reached XP level 7. HP: 20/73 MP: 6/6
   447 | D        | Noticed a yak
   447 | D        | Noticed a wraith
   447 | D        | Noticed a manticore
   447 | D        | Noticed a shadow
   453 | D        | Killed a yak
   453 | D        | Reached skill level 1 in Invocations
   459 | D        | Killed a wraith
   461 | D        | Killed a manticore
   461 | D        | Reached *** piety under Okawaru
   461 | D        | Reached XP level 8. HP: 76/83 MP: 5/9
   601 | D        | Noticed a spiny frog
   612 | D        | Reached **** piety under Okawaru
   615 | D        | Killed a spiny frog
   615 | D        | Reached XP level 9. HP: 84/92 MP: 8/11
   620 | D        | Reached skill level 10 in Armour
   623 | D        | Reached skill level 10 in Shields
   623 | D        | Reached skill level 5 in Invocations
   730 | D        | Noticed a komodo dragon
   730 | D        | Noticed a black mamba
   730 | D        | Noticed a five-headed hydra
   743 | D        | Killed a komodo dragon
   743 | D        | Reached ***** piety under Okawaru
   752 | D        | Killed a 12-headed hydra
   752 | D        | Received a gift from Okawaru
   758 | D        | Killed a black mamba
   758 | D        | Reached XP level 10. HP: 45/104 MP: 11/13
   762 | D        | Noticed a seven-headed hydra
   768 | D        | Got a jewelled plate armour {god gift}
   779 | D        | Identified the +9 plate armour of Proximity {*Corrode +Inv
                  | rC+ Str+8} (Okawaru gifted it to you in the Dungeon)
   982 | D        | Killed an 11-headed hydra
   982 | D        | Reached skill level 1 in Evocations
  1166 | D        | Noticed a lindwurm
  1175 | D        | Noticed a lindwurm
  1180 | D        | Reached skill level 15 in Fighting
  1184 | D        | Killed a lindwurm
  1184 | D        | Reached skill level 10 in Dodging
  1191 | D        | Reached skill level 15 in Long Blades
  1201 | D        | Killed a lindwurm
  1325 | D        | Noticed Erica
  1340 | D        | Killed Erica
  1614 | D        | Reached XP level 11. HP: 114/114 MP: 13/15
  1625 | D        | Reached skill level 1 in Throwing
  1691 | D        | Found Puog's Distillery.
  1691 | D        | Noticed an orc sorcerer
  1691 | D        | Noticed an orc sorcerer
  1691 | D        | Noticed an orc sorcerer
  1697 | D        | Killed an orc sorcerer
  1698 | D        | Noticed an orc sorcerer
  1700 | D        | Killed an orc sorcerer
  1701 | D        | Found Powuipsiwito's Gadget Shoppe.
  1702 | D        | Killed an orc sorcerer
  1708 | D        | Found Boumya's Assorted Antiques.
  1711 | D        | Killed an orc sorcerer
  1713 | D        | Noticed an orc sorcerer
  1715 | D        | Found Repriynua's Jewellery Shoppe.
  1716 | D        | Noticed an orc sorcerer
  1718 | D        | Noticed an orc sorcerer
  1740 | D        | Killed an orc sorcerer
  1745 | D        | Killed an orc sorcerer
  1760 | D        | Killed an orc sorcerer
  1760 | D        | Reached skill level 5 in Evocations
  1811 | D        | Bought a potion of heal wounds for 50 gold pieces
  1811 | D        | Bought a potion of heal wounds for 50 gold pieces
  1811 | D        | Bought a potion of heal wounds for 50 gold pieces
  1811 | D        | Bought a potion of mutation for 80 gold pieces
  1811 | D        | Gained mutation: You are frail. (-10% HP) [potion of
                  | mutation]
  1811 | D        | Gained mutation: Your flesh is heat resistant. (rF+)
                  | [potion of mutation]
  1811 | D        | Gained mutation: You passively map a small area around you.
                  | [potion of mutation]
  1816 | D        | Bought a potion of haste for 220 gold pieces
  1816 | D        | Bought a glowing blue amulet for 110 gold pieces
  1816 | D        | Bought a scroll labeled BIOXIR EXTOH for 22 gold pieces
  1816 | D        | Bought a scroll labeled BIMISE MILAR for 22 gold pieces
  1816 | D        | Bought a runed soapstone amulet for 110 gold pieces
  1823 | D        | Bought a scroll of identify for 44 gold pieces
  1823 | D        | Bought a scroll of identify for 44 gold pieces
  1864 | D        | Noticed Grum
  1872 | D        | Received a gift from Okawaru
  1876 | D        | Killed Grum
  1907 | D        | Noticed Josephine
  1917 | D        | Killed Josephine
  1937 | D        | Noticed Joseph
  1946 | D        | Killed Joseph
  2101 | D        | Noticed a wizard
  2107 | D        | Noticed a brown very ugly thing
  2116 | D        | Noticed a wizard
  2120 | D        | Killed a wizard
  2121 | D        | Noticed an ice dragon
  2121 | D        | Noticed a stone giant
  2128 | D        | Killed a brown very ugly thing
  2128 | D        | Reached skill level 5 in Throwing
  2128 | D        | Reached XP level 12. HP: 112/112 MP: 11/17
  2129 | D        | Noticed an ogre mage
  2133 | D        | Noticed an ettin
  2142 | D        | Killed an ice dragon
  2147 | D        | Killed a stone giant
  2150 | D        | Killed an ogre mage
  2161 | D        | Killed an ettin
  2354 | D        | Noticed Kirke
  2357 | D        | Noticed Agnes
  2371 | D        | Killed Kirke
  2371 | D        | Reached skill level 10 in Invocations
  2385 | D        | Killed Agnes
  2385 | D        | Received a gift from Okawaru
  2385 | D        | Reached ****** piety under Okawaru
  2536 | D        | Noticed a merfolk impaler
  2556 | D        | Killed a merfolk impaler
  2556 | D        | Received a gift from Okawaru
  2660 | D        | Reached XP level 13. HP: 123/123 MP: 11/19
  2731 | D        | Noticed a thorn hunter
  2802 | D        | Killed a thorn hunter
  2802 | D        | Received a gift from Okawaru
  2874 | D        | Reached skill level 15 in Armour
  2874 | D        | Reached skill level 15 in Shields
  2954 | D        | Noticed Aizul
  2967 | D        | Killed Aizul
  3271 | D        | Noticed Donald
  3283 | D        | Killed Donald
  3410 | D        | Noticed a spark wasp
  3419 | D        | Received a gift from Okawaru
  3424 | D        | Noticed an iron dragon
  3428 | D        | Killed a spark wasp
  3444 | D        | Noticed a white very ugly thing
  3446 | D        | Killed an iron dragon
  3446 | D        | Reached XP level 14. HP: 103/134 MP: 16/22
  3454 | D        | Noticed a frost giant
  3483 | D        | Killed a white very ugly thing
  3487 | D        | Killed a frost giant
  3487 | D        | Reached skill level 10 in Throwing
  3487 | D        | Reached skill level 10 in Evocations
  3529 | D        | Got a shimmering ring mail {god gift}
  3540 | D        | Identified the +1 ring mail "Goir Oseby" {rC- Int+9}
                  | (Okawaru gifted it to you in the Dungeon)
  3749 | D        | Received a gift from Okawaru
  3750 | D        | Noticed a stone giant
  3756 | D        | Noticed a sphinx
  3768 | D        | Killed a stone giant
  3769 | D        | Noticed a stone giant
  3773 | D        | Killed a sphinx
  3773 | D        | Reached skill level 15 in Dodging
  3775 | D        | Received a gift from Okawaru
  3777 | D        | Noticed a vault warden
  3779 | D        | Noticed an ironheart preserver
  3784 | D        | Killed a stone giant
  3784 | D        | Noticed a sphinx
  3795 | D        | Killed a vault warden
  3795 | D        | Received a gift from Okawaru
  3799 | D        | Killed an ironheart preserver
  3803 | D        | Killed a sphinx
  3803 | D        | Received a gift from Okawaru
  3937 | D        | Noticed Jory
  3950 | D        | Killed Jory
  3977 | D        | Noticed Boris
  3989 | D        | Killed Boris
  3989 | D        | Received a gift from Okawaru
  4006 | D        | Upgraded the game from 0.23-a0-164-g7711e57 to
                  | 0.23-a0-169-gb21e695
  4079 | D        | Got the +0 pair of gloves of a volcano {rPois Regen+}
  4171 | D        | Noticed Azrael
  4183 | D        | Killed Azrael
  4185 | D        | Reached XP level 15. HP: 145/145 MP: 17/24
  4197 | D        | Noticed Mennas
  4254 | D        | Killed Mennas
  4254 | D        | Received a gift from Okawaru
  4300 | D        | Received a gift from Okawaru
  4339 | D        | Got a decaying rune of Zot
  4371 | D        | Noticed a nagaraja
  4371 | D        | Noticed a nagaraja
  4371 | D        | Noticed a nagaraja
  4371 | D        | Noticed a nagaraja
  4371 | D        | Noticed a nagaraja
  4372 | D        | Noticed a nagaraja
  4374 | D        | Killed a nagaraja
  4375 | D        | Noticed a nagaraja
  4380 | D        | Noticed a nagaraja
  4381 | D        | Killed a nagaraja
  4381 | D        | Killed a nagaraja
  4381 | D        | Killed a nagaraja
  4390 | D        | Killed a nagaraja
  4390 | D        | Received a gift from Okawaru
  4394 | D        | Killed a nagaraja
  4398 | D        | Killed a nagaraja
  4403 | D        | Killed a nagaraja
  4441 | D        | Got a serpentine rune of Zot
  4540 | D        | Received a gift from Okawaru
  4585 | D        | Received a gift from Okawaru
  4604 | D        | Got a gossamer rune of Zot
  4735 | D        | Noticed Ilsuiw
  4744 | D        | Reached XP level 16. HP: 160/160 MP: 18/25
  4770 | D        | Killed Ilsuiw
  4790 | D        | Received a gift from Okawaru
  4803 | D        | Got a barnacled rune of Zot
  4852 | D        | Noticed Louise
  4871 | D        | Killed Louise
  4918 | D        | Lost mutation: You are frail. (-10% HP) [potion of
                  | mutation]
  4918 | D        | Lost mutation: Your flesh is heat resistant. (rF+) [potion
                  | of mutation]
  4918 | D        | Gained mutation: Your muscles are strong. (Str +2) [potion
                  | of mutation]
  4918 | D        | Gained mutation: You have sharp toenails. [potion of
                  | mutation]
  4918 | D        | Gained mutation: Potions are less effective at restoring
                  | your health. [potion of mutation]
  4918 | D        | Gained mutation: Your natural rate of healing is unusually
                  | fast. [potion of mutation]
  4919 | D        | Lost mutation: Your muscles are strong. (Str +2) [potion of
                  | mutation]
  4919 | D        | Lost mutation: Your natural rate of healing is unusually
                  | fast. [potion of mutation]
  4919 | D        | Lost mutation: Potions are less effective at restoring your
                  | health. [potion of mutation]
  4919 | D        | Gained mutation: Your system is resistant to poisons.
                  | (rPois) [potion of mutation]
  4919 | D        | Gained mutation: You are partially covered in rugged brown
                  | scales. (AC +1, +3% HP) [potion of mutation]
  4920 | D        | Lost mutation: You have sharp toenails. [potion of
                  | mutation]
  4920 | D        | Gained mutation: You have a somewhat thin skeletal
                  | structure. (Dex +2, Stealth) [potion of mutation]
  4920 | D        | Gained mutation: You are robust. (+10% HP) [potion of
                  | mutation]
  4920 | D        | Gained mutation: Your body sometimes deteriorates upon
                  | taking damage. [potion of mutation]
  4920 | D        | Gained mutation: You have large cloven feet. [potion of
                  | mutation]
  4922 | D        | Lost mutation: You have large cloven feet. [potion of
                  | mutation]
  4922 | D        | Lost mutation: You are partially covered in rugged brown
                  | scales. (AC +1, +3% HP) [potion of mutation]
  4922 | D        | Lost mutation: You are robust. (+10% HP) [potion of
                  | mutation]
  4922 | D        | Gained mutation: You are frail. (-10% HP) [potion of
                  | mutation]
  4922 | D        | Gained mutation: You have large cloven feet. [potion of
                  | mutation]
  5051 | D        | Received a gift from Okawaru
  5064 | D        | Reached skill level 15 in Throwing
  5098 | D        | Received a gift from Okawaru
  6260 | D        | Fell from the grace of Okawaru
  6260 | D        | Became a worshipper of the Shining One
  7329 | D        | Reached * piety under the Shining One
  7329 | D        | Noticed a quicksilver dragon
  7335 | D        | Reached ** piety under the Shining One
  7340 | D        | Reached *** piety under the Shining One
  7341 | D        | Noticed a shadow dragon
  7352 | D        | Killed a quicksilver dragon
  7355 | D        | Noticed a shadow dragon
  7357 | D        | Reached **** piety under the Shining One
  7366 | D        | Reached skill level 27 in Fighting
  7377 | D        | Killed a shadow dragon
  7377 | D        | Reached skill level 27 in Long Blades
  7377 | D        | Reached skill level 15 in Evocations
  7390 | D        | Killed a shadow dragon
  7390 | D        | Reached ***** piety under the Shining One
  7516 | D        | Noticed a shadow dragon
  7516 | D        | Noticed a lich
  7516 | D        | Noticed a golden dragon
  7516 | D        | Noticed a shadow dragon
  7516 | D        | Reached ****** piety under the Shining One
  7521 | D        | Noticed a shadow dragon
  7536 | D        | Killed a shadow dragon
  7540 | D        | Killed a lich
  7540 | D        | Reached XP level 17. HP: 171/171 MP: 27/27
  7558 | D        | Killed a golden dragon
  7586 | D        | Got a silver rune of Zot
  7596 | D        | Got a slimy cloak
  7607 | D        | Identified the +0 cloak of Polish {*Contam +Fly rC+++
                  | Str-2} (You found it in the Dungeon)
  7761 | D        | Noticed Mara
  7774 | D        | Killed Mara
  7777 | D        | Identified an eudemon blade of holy wrath {god gift} (a
                  | demon blade of venom blessed by the Shining One)
  7777 | D        | Received a gift from the Shining One
  7821 | D        | Noticed Frederick
  7833 | D        | Killed Frederick
  7865 | D        | Got the ring "Zoseunos" {Fire *Contam Int+7}
  7867 | D        | Got the ring "Gyvod" {rElec rF+ AC+3 Int-2 Slay+2}
  7869 | D        | Got the ring of Atyleo {MR+ Str-2 Int+3 Dex+2}
  7871 | D        | Got the ring "Juveymesh" {rElec rC+ Int-2 Dex+4}
  7873 | D        | Got the ring of Ryintos {Fire Str-4 Int+5}
  7876 | D        | Found the +8 glaive of the Guard {elec, +Rage AC+5 SInv}
  8068 | D        | Noticed a golden dragon
  8081 | D        | Killed a golden dragon
  8136 | D        | Noticed a bone dragon
  8141 | D        | Noticed a bone dragon
  8157 | D        | Killed a bone dragon
  8161 | D        | Killed a bone dragon
  8332 | D        | Noticed a tentacled monstrosity
  8332 | D        | Noticed a tentacled monstrosity
  8339 | D        | Killed a tentacled monstrosity
  8345 | D        | Killed a tentacled monstrosity
  8364 | D        | Reached XP level 18. HP: 177/180 MP: 30/30
  8376 | D        | Noticed a tentacled monstrosity
  8389 | D        | Killed a tentacled monstrosity
  8508 | D        | Noticed an electric golem
  8508 | D        | Noticed a golden dragon
  8542 | D        | Killed an electric golem
  8551 | D        | Killed a golden dragon
  8736 | D        | Noticed an Orb Guardian
  8736 | D        | Noticed an Orb Guardian
  8736 | D        | Noticed an Orb Guardian
  8736 | D        | Noticed an Orb Guardian
  8736 | D        | Noticed an Orb Guardian
  8736 | D        | Noticed an Orb Guardian
  8742 | D        | Killed an Orb Guardian
  8747 | D        | Killed an Orb Guardian
  8753 | D        | Killed an Orb Guardian
  8754 | D        | Noticed an Orb Guardian
  8758 | D        | Killed an Orb Guardian
  8764 | D        | Killed an Orb Guardian
  8767 | D        | Killed an Orb Guardian
  8770 | D        | Killed an Orb Guardian
  8771 | D        | Noticed an Orb Guardian
  8772 | D        | Noticed an Orb Guardian
  8773 | D        | Noticed an Orb Guardian
  8776 | D        | Killed an Orb Guardian
  8776 | D        | Reached skill level 27 in Armour
  8782 | D        | Killed an Orb Guardian
  8782 | D        | Reached skill level 27 in Shields
  8786 | D        | Killed an Orb Guardian
  8795 | D        | Noticed an Orb Guardian
  8795 | D        | Noticed an Orb Guardian
  8795 | D        | Noticed a tentacled monstrosity
  8795 | D        | Noticed a tentacled monstrosity
  8798 | D        | Noticed an Orb Guardian
  8804 | D        | Noticed an Orb Guardian
  8809 | D        | Killed a tentacled monstrosity
  8813 | D        | Killed a tentacled monstrosity
  8817 | D        | Killed an Orb Guardian
  8821 | D        | Killed an Orb Guardian
  8825 | D        | Killed an Orb Guardian
  8831 | D        | Killed an Orb Guardian
  8831 | D        | Reached XP level 19. HP: 186/186 MP: 31/33
  8867 | D        | Noticed an ancient lich
  8867 | D        | Killed an ancient lich
  8870 | D        | Noticed an orb of fire
  8872 | D        | Gained mutation: Armour fits poorly on your strangely
                  | shaped body. [an orb of fire]
  8875 | D        | Gained mutation: Your body often deteriorates upon taking
                  | damage. [an orb of fire]
  8880 | D        | Killed an orb of fire
  8880 | D        | Reached skill level 27 in Dodging
  9196 | D        | Noticed an electric golem
  9209 | D        | Killed an electric golem
  9212 | D        | Noticed a golden dragon
  9212 | D        | Noticed an electric golem
  9212 | D        | Noticed an orb of fire
  9215 | D        | Noticed an orb of fire
  9236 | D        | Killed an orb of fire
  9239 | D        | Killed a golden dragon
  9246 | D        | Killed an orb of fire
  9294 | D        | Killed an electric golem
  9303 | D        | Noticed an ancient lich
  9308 | D        | Noticed an electric golem
  9311 | D        | Killed an ancient lich
  9311 | D        | Reached skill level 27 in Throwing
  9322 | D        | Killed an electric golem
  9380 | D        | Reached skill level 27 in Evocations
  9392 | D        | Reached skill level 5 in Stealth
  9397 | D        | Reached skill level 15 in Invocations
  9423 | D        | Reached skill level 10 in Stealth
  9429 | D        | Reached XP level 20. HP: 172/194 MP: 36/36
  9535 | D        | Noticed an ancient lich
  9535 | D        | Noticed an ancient lich
  9539 | D        | Paralysed by a vampire knight for 2 turns
  9544 | D        | Noticed an ancient lich
  9544 | D        | Killed an ancient lich
  9546 | D        | Killed an ancient lich
  9546 | D        | Reached skill level 15 in Stealth
  9558 | D        | Killed an ancient lich
  9813 | D        | Got an elven rune of Zot
  9853 | D        | Paralysed by a floating eye for 4 turns
  9864 | D        | Paralysed by a floating eye for 4 turns
 10129 | D        | Noticed the Royal Jelly
 10204 | D        | Killed the Royal Jelly
 10665 | D        | Reached XP level 21. HP: 155/201 MP: 37/37
 10694 | D        | Got a slimy rune of Zot
 10891 | D        | Was forgiven by Okawaru
 10949 | D        | Reached skill level 27 in Invocations
 11047 | D        | Paralysed by a sphinx for 5 turns
 11297 | D        | Noticed a greater mummy
 11302 | D        | Killed a greater mummy
 11302 | D        | Reached skill level 27 in Stealth
 11462 | D        | Noticed a greater mummy
 11462 | D        | Noticed a greater mummy
 11462 | D        | Noticed a greater mummy
 11462 | D        | Noticed a greater mummy
 11462 | D        | Noticed a greater mummy
 11463 | D        | Noticed a greater mummy
 11469 | D        | Killed a greater mummy
 11828 | D        | Killed a greater mummy
 11960 | D        | Killed a greater mummy
 12083 | D        | Killed a greater mummy
 12154 | D        | Killed a greater mummy
 12160 | D        | Killed a greater mummy
 12354 | D        | Got a golden rune of Zot
 12364 | D        | Reached skill level 15 in Spellcasting
 12371 | D        | Noticed an ancient lich
 12372 | D        | Lost intelligence.
 12381 | D        | Killed an ancient lich
 12399 | D        | Got an abyssal rune of Zot
 12631 | D        | Noticed Geryon
 12645 | D        | Killed Geryon
 14254 | D        | Bought a potion of cancellation for 80 gold pieces
 14254 | D        | Bought a potion of agility for 40 gold pieces
 14256 | D        | Bought a sack of spiders for 220 gold pieces
 14256 | D        | Bought a phial of floods for 440 gold pieces
 15863 | D        | Noticed Cerebov
 15863 | D        | Noticed Asmodeus
 15863 | D        | Noticed Gloorx Vloq
 16226 | D        | Lost intelligence.
 16238 | D        | The Shining One protects you from harm!
 16247 | D        | The Shining One protects you from harm!
 16249 | D        | Killed from afar by a balrug

Vault maps used:
D:        linesprint

Skill      XL: |  1  2  3  4  5  6  7  8  9 10 11 12 13 14 15 16 17 18 19 20 21 |
---------------+----------------------------------------------------------------+-----
Fighting       | 5 7 9 10 11 12 14 15 17 19 20 22 25 27 | 27.0
Long Blades    | 4 6 8 10 11 12 14 15 17 18 20 22 25 27 | 27.0
Dodging        | 2 3 5 6 7 8 9 10 11 12 14 15 17 19 22 26 27 | 27.0
Shields        | 4 5 7 9 10 12 13 14 15 17 19 21 24 27 | 27.0
Armour         | 4 5 6 7 9 10 11 13 14 15 17 19 21 24 27 | 27.0
Invocations    | 3 4 6 7 9 10 12 13 17 26 27 | 27.0
Evocations     | 3 6 7 9 11 13 15 18 22 27 | 27.0
Throwing       | 5 7 9 11 13 16 19 23 27 | 27.0
Stealth        | 11 22 27 | 27.0
Spellcasting   | 17 | 17.1

Action                   |  1- 3 |  4- 6 |  7- 9 | 10-12 | 13-15 | 16-18 | 19-21 || total
-------------------------+-------+-------+-------+-------+-------+-------+-------++-------
Melee: Long sword        |    39 |       |       |       |       |       |       ||    39
       Headbutt          |     3 |     9 |    14 |    88 |   102 |   276 |   278 ||   770
       Scimitar          |     1 |    24 |    71 |   198 |    21 |       |       ||   315
       Double sword      |       |       |       |   115 |   356 |   297 |       ||   768
       Unarmed           |       |       |       |     9 |       |       |       ||     9
       Eudemon blade     |       |       |       |       |       |   359 |   707 ||  1066
Throw: Tomahawk          |       |       |       |     3 |     1 |     1 |       ||     5
       Javelin           |       |       |       |       |    44 |    16 |    35 ||    95
Invok: Heroism           |       |       |     3 |    13 |    13 |     2 |       ||    31
       Finesse           |       |       |       |     8 |    13 |     2 |       ||    23
       Divine Shield     |       |       |       |       |       |    11 |    20 ||    31
       Cleansing Flame   |       |       |       |       |       |     1 |     1 ||     2
       Brand Weapon With |       |       |       |       |       |     1 |       ||     1
       Summon Divine War |       |       |       |       |       |       |     4 ||     4
  Use: Potion            |       |     1 |     2 |     3 |     1 |     4 |    24 ||    35
       Scroll            |       |       |       |     5 |       |    10 |     3 ||    18
  Eat: Ration            |       |       |       |     1 |     1 |     2 |     7 ||    11
       Chunk             |       |       |       |     3 |     4 |     6 |     3 ||    16
Armor: Scale mail        |    10 |       |       |       |       |       |       ||    10
       Ring mail         |       |     7 |     9 |       |       |       |       ||    16
       Plate armour      |       |       |       |    40 |    62 |    66 |    82 ||   250
Dodge: Dodged            |     7 |     8 |    39 |    61 |    67 |   115 |   118 ||   415
Block: Shield            |    17 |    20 |    38 |    71 |       |       |       ||   146
       Large shield      |       |       |       |    92 |   287 |   566 |   666 ||  1611
       Reflection        |       |       |       |     4 |    12 |    25 |    32 ||    73
       Rpst.: Long sword |     3 |       |       |       |       |       |       ||     3
       Scimitar          |       |     1 |     3 |     7 |       |       |       ||    11
       Double sword      |       |       |       |     4 |     6 |     5 |       ||    15
       Eudemon blade     |       |       |       |       |       |     5 |     8 ||    13

Table legend:
 A = Non-vault XP
 B = Vault XP
 C = Vault XP percentage of total XP
 D = Non-vault monster count
 E = Vault monster count
 F = Vault count percentage of total count
                 A         B        C        D         E       F
            +---------+---------+-------+---------+---------+-------
      Total |    1828 |  681729 |  99.7 |       3 |     514 |  99.4
            +---------+---------+-------+---------+---------+-------
          D |    1828 |  681729 |  99.7 |       3 |     514 |  99.4
            +---------+---------+-------+---------+---------+-------
